 Dungeon Crawl Stone Soup version 0.20.0-15-g7f486f2 (webtiles) character file.

88 zhorgal the Cudgeler (level 4, -1/28 HPs)
             Began as a Gargoyle Fighter on June 21, 2017.
             Slain by a leopard gecko (2 damage)
             ... summoned by Sigmund the boggart
             ... on level 2 of the Dungeon.
             The game lasted 00:09:26 (1577 turns).

zhorgal the Cudgeler (Gargoyle Fighter)             Turns: 1577, Time: 00:09:27

Health: -1/28      AC: 18    Str: 17 (20) XL:     4   Next: 53%
Magic:  4/4        EV:  7    Int: 12 (14) God:
Gold:   35         SH:  9    Dex: 12 (14) Spells: 3/3 levels left

rFire    + + .     SeeInvis .   a - +0 flail
rCold    . . .     Gourm    .   c - +0 shield
rNeg     + . .     Faith    .   m - +0 plate armour
rPois    ∞         Spirit   .   t - +2 helmet
rElec    +         Reflect  .   (no cloak)
rCorr    .         Harm     .   (no gloves)
MR       .....                  (no boots)
Stlth    ..........             (no amulet)
Regen    0.1/turn               i - ring of protection from fire
MPRegen  0.1/turn               j - ring of protection from fire

@: brilliant, agile
A: negative energy resistance 1, electricity resistance, unbreathing,
petrification resistance, rot immunity, AC +3
a: no special abilities


You were on level 2 of the Dungeon.
You were not hungry.

You visited 1 branch of the dungeon, and saw 2 of its levels.

You collected 35 gold pieces.

Inventory:

Hand Weapons
 a - a +0 flail (weapon)
 u - a +0 hunting sling
Missiles
 v - 45 stones (quivered)
 w - 13 sling bullets
Armour
 c - a +0 shield (worn)
 m - a +0 plate armour (worn)
 t - a +2 helmet (worn)
Jewellery
 i - a ring of protection from fire (left hand)
 j - a ring of protection from fire (right hand)
 n - an uncursed ring of protection from cold {unknown}
Wands
 s - a wand of polymorph (6/24)
Scrolls
 h - a scroll of random uselessness {unknown}
 k - a scroll of enchant weapon {unknown}
 p - a scroll of blinking {unknown}
 r - a scroll of immolation {unknown}
 x - a scroll of amnesia {unknown}
Potions
 d - a potion of might
 l - a potion of degeneration {!q!q}
Comestibles
 b - 4 chunks of flesh
 f - 2 bread rations
 q - 2 meat rations


   Skills:
 - Level 3.2 Fighting
 + Level 4.6 Maces & Flails
 - Level 3.2 Armour
 - Level 3.2 Shields


You had 3 spell levels left.
You didn't know any spells.

Dungeon Overview and Level Annotations

Branches:
Dungeon (2/15)

Altars:

Annotations:
D:2 Sigmund


Innate Abilities, Weirdness & Mutations

You are resistant to torment.
Your stone body is resilient. (AC +3)
You are immune to poison.
You resist negative energy. (rN+)
You are resistant to electric shocks. (rElec)
You can survive without breathing.
You are immune to petrification.
You are immune to rotting.


Message History

You block the adder's attack.
You closely miss the adder.
The quokka bites you but does no damage.
The leopard gecko bites you but does no damage.
The adder bites you but does no damage. You block the quokka's attack.
The adder bites you but does no damage.
The leopard gecko bites you but does no damage.
You miss the adder.
The quokka bites you but does no damage.
The adder bites you.
* * * LOW HITPOINT WARNING * * *
You block the leopard gecko's attack.
You thump the adder!
The adder is severely wounded.
You block the adder's attack.
The quokka bites you but does no damage.
The leopard gecko bites you but does no damage.
You block the quokka's attack. You block the adder's attack.
The leopard gecko bites you.
You die...

# #...#...#......# . #
#÷#.#...#......# .. #
#.#............# >..
###.##...........###... .
##........#.......)......
.#[.#.....#.......##.....
...##..########.l.....#.
...##..# ##S#...##
...##..# #r@#..!...#
...##..# #l##.l.....
...##.## #.w# ..)....
......## ...## .......
.......## #... ..g....
...........#... .......
..#...##.......
..#...####.....
........<# #


You could see a worm, an adder, a leopard gecko, a quokka and a frilled lizard.

Vanquished Creatures
  Robin (D:1)
  A worm (D:1)
  4 dart slugs (D:1)
  3 leopard geckos
  5 bats (D:1)
  5 giant cockroaches
  15 goblins
  11 hobgoblins
  3 jackals (D:2)
  6 frilled lizards
  5 rats
59 creatures vanquished.

Notes
Turn   | Place    | Note
-------+----------+-------------------------------------------
     0 | D:1      | zhorgal the Gargoyle Fighter began the quest for the Orb.
     0 | D:1      | Reached XP level 1. HP: 14/14 MP: 1/1
    96 | D:1      | Reached XP level 2. HP: 19/19 MP: 2/2
   195 | D:1      | Reached skill level 3 in Maces & Flails
   514 | D:1      | Reached XP level 3. HP: 22/23 MP: 3/3
  1169 | D:2      | Reached skill level 4 in Maces & Flails
  1190 | D:2      | Noticed Robin
  1234 | D:1      | Reached XP level 4. HP: 27/28 MP: 4/4
  1328 | D:1      | Killed Robin
  1531 | D:2      | Noticed Sigmund
  1531 | D:2      | Noticed Sigmund
  1531 | D:2      | Sigmund changed into Sigmund the boggart
  1576 | D:2      | HP: 1/28 [adder (2)]
  1577 | D:2      | Slain by a leopard gecko

Skill      XL: |  1  2  3 |
---------------+----------+-----
Maces & Flails | 3 4 |  4.6
Fighting       | |  3.2
Armour         | |  3.2
Shields        | |  3.2

Action                   |  1- 3 |  4- 6 || total
-------------------------+-------+-------++-------
Melee: Flail             |   153 |   127 ||   280
Evoke: Wand              |       |     1 ||     1
  Use: Potion            |       |     3 ||     3
       Scroll            |       |     1 ||     1
  Eat: Chunk             |     1 |     2 ||     3
Armor: Scale mail        |    68 |       ||    68
       Plate armour      |    28 |   163 ||   191
Dodge: Dodged            |    48 |    22 ||    70
Block: Shield            |    80 |    99 ||   179
